 Dungeon Crawl Stone Soup version 0.31-a0-208-gdb31a4691d (webtiles) character file.

Game seed: 6176745258873332033

12814 BubbleThief the Fighter (level 11, 0/114 HPs)
             Began as a Naga Venom Mage on June 27, 2023.
             Was the Champion of Uskayaw.
             Slain by an orc warrior
             ... wielding a +0 long sword
              (15 damage)
             ... on level 2 of the Orcish Mines on June 28, 2023.
             The game lasted 00:28:17 (8900 turns).

BubbleThief the Fighter (Naga Venom Mage)           Turns: 8900, Time: 00:28:18

Health: 0/114      AC:  9    Str: 11    XL:     11   Next: 99%
Magic:  4/33       EV: 10    Int: 17    God:    Uskayaw [******]
Gold:   956        SH:  0    Dex: 14    Spells: 17/28 levels left

rFire   . . .        s - +2 short sword (elec)
rCold   . . .        (no shield)
rNeg    . . .        P - +2 robe {Will+}
rPois   +            A - +0 helmet
rElec   .            j - +0 cloak
rCorr   .            B - +0 pair of gloves
SInv    +            (no barding)
Will    +++..        n - amulet of magic regeneration
Stlth   ++           o - ring of magical power
HPRegen 0.39/turn    y - ring of willpower
MPRegen 0.63/turn

%: no passive effects
@: radiating poison, very slow
A: AC +3, large, see invisible, deformed body, poison resistance, slowness 2,
spit poison 1, naga tail 1
a: Spit Poison, Renounce Religion, Stomp, Line Pass, Grand Finale


You were on level 2 of the Orcish Mines.
You worshipped Uskayaw.
Uskayaw was noncommittal.
You visited 3 branches of the dungeon, and saw 12 of its levels.

You collected 1031 gold pieces.
You spent 75 gold pieces at shops.

Inventory:

Hand Weapons
 i - a +0 short sword
 k - a +0 rapier
 s - a +2 short sword of electrocution (weapon)
Missiles
 E - 2 throwing nets
Armour
 j - a +0 cloak (worn)
 A - a +0 helmet (worn)
 B - a +0 pair of gloves (worn)
 D - a +2 kite shield
 P - a +2 robe of willpower (worn)
 S - the +3 buckler "Dohir" {rPois}
   (You found it on level 9 of the Dungeon)

   rPois:     It protects you from poison.
Jewellery
 n - an amulet of magic regeneration (around neck)
 o - a ring of magical power (left hand)
 y - a ring of willpower (right hand)
Wands
 a - a wand of digging (4)
 G - a wand of flame (12)
 M - a wand of roots (8)
 N - a wand of mindburst (19)
 R - a wand of paralysis (6)
Scrolls
 c - 5 scrolls of poison {unknown}
 h - 7 scrolls of identify {unknown}
 l - 4 scrolls of revelation {unknown}
 p - 6 scrolls of teleportation {unknown}
 q - 3 scrolls of vulnerability {unknown}
 t - a scroll of fog {unknown}
 u - 2 scrolls of enchant weapon {unknown}
 v - 2 scrolls of immolation {unknown}
 x - 3 scrolls of noise {unknown}
 z - 3 scrolls of enchant armour {unknown}
 I - a scroll of brand weapon {unknown}
 L - 2 scrolls of silence {unknown}
 Q - a scroll of blinking {unknown}
Potions
 b - a potion of magic
 d - 5 potions of heal wounds {unknown}
 e - 4 potions of attraction {unknown}
 f - 4 potions of enlightenment {unknown}
 g - 3 potions of curing
 r - 3 potions of haste
 w - a potion of cancellation {unknown}
 C - 3 potions of lignification {unknown}
 F - a potion of mutation {unknown}
 H - 3 potions of berserk rage {unknown}
 J - 4 potions of brilliance {unknown}
 K - 2 potions of degeneration {unknown}
 O - a potion of resistance {unknown}


   Skills:
 + Level 11.6 Fighting
 - Level 1.5 Dodging
 - Level 3.0 Stealth
 + Level 6.9 Shields
 - Level 9.0 Spellcasting
 - Level 6.0 Transmutations
 - Level 9.0 Poison Magic


You had 17 spell levels left.
You knew the following spells:

 Your Spells              Type           Power      Damage    Failure   Level
a - Sting                 Tmut/Pois      100%       1d8       1%          1
b - Mephitic Cloud        Conj/Pois/Air  17%        N/A       9%          3
c - Olgreb's Toxic Radia  Pois           38%        N/A       2%          4
d - Ignite Poison         Fire/Tmut/Pois 24%        N/A       3%          3

Your spell library contained the following spells:

 Spells                   Type           Power      Damage    Failure   Level
 Poisonous Vapours        Pois/Air       46%        N/A       2%          2
 Apportation              Tloc           14%        N/A       10%         1
 Magic Dart               Conj           28%        1d4       10%         1
 Necrotise                Necr           28%        1d5       10%         1
 Shock                    Conj/Air       28%        1d4       10%         1
 Summon Small Mammal      Summ           28%        N/A       10%         1
 Blink                    Tloc           14%        N/A       14%         2
 Searing Ray              Conj           14%        2d5       14%         2
 Petrify                  Tmut/Erth      17%        N/A       26%         4
 Summon Guardian Golem    Hex/Summ       7%         N/A       28%         3
 Swiftness                Air            7%         N/A       28%         3
 Airstrike                Air            3%         2d(1-17)  67%         4
 Anguish                  Hex/Necr       3%         N/A       67%         4
 Cause Fear               Hex            3%         N/A       67%         4
 Fulminant Prism          Conj/Hex       3%         3d5       67%         4
 Manifold Assault         Tloc           7%         N/A       67%         4
 Passage of Golubria      Tloc           7%         N/A       67%         4
 Sticky Flame             Conj/Fire      7%         2d3       67%         4
 Metabolic Englaciation   Hex/Ice        3%         N/A       95%         5
 Silence                  Hex/Air        3%         N/A       95%         5
 Statue Form              Tmut/Erth      11%        N/A       99%         6
 Enfeeble                 Hex            3%         N/A       100%        7
 Orb of Destruction       Conj           3%         9d5       100%        7
 Spellforged Servitor     Conj/Summ      3%         N/A       100%        7
 Storm Form               Tmut/Air       8%         N/A       100%        7
 Ignition                 Fire           3%         3d4       100%        8
 Lehudib's Crystal Spear  Conj/Erth      3%         10d3      100%        8


Dungeon Overview and Level Annotations

Branches:
Dungeon (9/15)             Temple (1/1) D:7            Lair (0/5) D:9
    Orc (2/2) D:9
    Elf: Orc:2

Altars:
Ashenzari
Cheibriados
Dithmenos
Elyvilon
Fedhas
Gozag
Hepliaklqana
Kikubaaqudgha
Makhleb
Nemelex Xobeh
Okawaru
Qazlal
Ru
Sif Muna
Trog
Uskayaw
Vehumet
Wu Jian
Xom
Yredelemnul
Zin
The Shining One

Shops:
D:5 *   D:6 *


Innate Abilities, Weirdness & Mutations

Your serpentine skin is tough. (AC +3)
You have supernaturally acute eyesight. (SInv)
Armour fits poorly on your strangely shaped body.
Your system is resistant to poisons. (rPois)
You cover ground very slowly.
You can spit poison.
You have a snake-like lower body.


Message History

The grasping roots constrict the orc warlord.
The roots release their grip on the orc warlord.
Aiming: Fastroot
Press: ? - help, Shift-Dir - straight line, f/p - orc warlord
Aim: an orc warlord, wielding a +0 battleaxe and wearing a +2 chain mail of poison resistance (almost dead, strong)
The roots erupt in riotous growth!
Roots grab the orc warlord.
Roots grab the troll.
The grasping roots constrict the orc warlord, but do no damage.
The grasping roots constrict the troll.
The orc warlord barely misses you.
The troll struggles to escape constriction.
Unknown command.
The grasping roots constrict the orc warlord.
The grasping roots constrict the troll.
The roots release their grip on the orc warlord.
The roots release their grip on the troll.
The orc warrior looks more healthy.
Casting: Olgreb's Toxic Radiance (mildly dangerous; 2% risk of failure)
Confirm with . or Enter, or press ? or * to list all spells.
You begin to radiate toxic energy.
The troll looks even sicker.
The orc warrior is poisoned.
The troll is poisoned.
The orc knight is poisoned.
The orc warrior is poisoned.
The troll looks as sick as possible!
The orc warrior looks even sicker.
The orc warlord hits you with a +0 battleaxe!!
* * * LOW HITPOINT WARNING * * *
Unknown command.
As you read the scroll labelled BIUSCH GE LOAS, it crumbles to dust.
You assume a fearsome visage.
The orc warlord resists with some effort.
The troll looks frightened!
The orc warrior looks frightened!
The troll looks frightened!
The orc knight looks frightened!
The orc warrior looks frightened!
It was a scroll of fear.
Your attack snaps the troll out of its fear.
Your attack snaps the orc warrior out of its fear.
Your attack snaps the troll out of its fear.
The troll looks even sicker.
Your attack snaps the orc knight out of its fear.
Your attack snaps the orc warrior out of its fear.
The orc warlord barely misses you.
The orc warrior hits you with a +0 long sword!
You die...

#.........[..............
.........[...............
..........).......#......
..........)...[[#.#......
.....[....)...[#[........
.........................
......................#....
.#.........................
##...#.........@..........
#....#........Too##.......
#...............#....... #
##..............#...... .#
##..........o.oT....##.#.##
#.......^.)...)......#....#
#.............)...........#
##............).........###
##.......)............##


You could see an orc warlord (strong), an orc knight (strong, poisoned), 2
trolls and 2 orc warriors.

Vanquished Creatures
  Erolcha (Orc:1)
  2 two-headed ogres
  An orc high priest (Orc:2)
  Pikel (D:5)
  4 orc knights (Orc:2)
  Maggie (D:7)
  Psyche (D:9)
  A troll (Orc:2)
  Grinder (D:6)
  A shadow (D:9)
  Sigmund (D:6)
  Eustachio (D:5)
  2 wyverns
  3 yaks (D:9)
  A steam dragon (D:9)
  3 wargs
  Menkaure (D:7)
  Duvessa (D:7)
  2 water moccasins
  12 orc warriors
  A sky beast (D:8)
  2 black bears
  2 ice beasts
  4 ogres
  3 centaurs
  A lemure (D:5)
  2 phantoms
  A kobold brigand (D:6)
  2 gnoll sergeants
  4 bullfrogs
  2 scorpions
  Dowan (D:7)
  8 wights (D:8)
  5 killer bees (D:9)
  A howler monkey (D:9)
  4 hounds
  3 gnoll boudas
  2 jellies
  14 orc priests
  A sleepcap (D:6)
  4 iguanas
  14 orc wizards
  5 adders
  26 gnolls
  4 white imps
  3 worms
  3 dart slugs
  54 orcs
  5 ball pythons
  4 endoplasms
  A giant cockroach (D:3)
  7 goblins
  10 hobgoblins
  4 jackals (D:1)
  2 quokkas
  3 bats
  A frilled lizard (D:2)
  11 kobolds
  3 rats (D:2)
268 creatures vanquished.

Vanquished Creatures (others)
  An orc wizard (Orc:2)
1 creature vanquished.

Grand Total: 269 creatures vanquished

Notes
Turn   | Place    | Note
-------+----------+-------------------------------------------
     0 | D:1      | BubbleThief the Naga Venom Mage began the quest for the
                  | Orb.
     0 | D:1      | Reached XP level 1. HP: 15/15 MP: 3/3
   119 | D:1      | Reached XP level 2. HP: 17/22 MP: 1/5
   910 | D:2      | Reached XP level 3. HP: 28/28 MP: 2/7
  1360 | D:3      | Found a hazy altar of Hepliaklqana.
  1369 | D:3      | Found a broken altar of Ashenzari.
  1471 | D:3      | Reached skill level 5 in Poison Magic
  1867 | D:3      | Found a blossoming altar of Fedhas.
  1948 | D:4      | Reached XP level 4. HP: 36/36 MP: 8/8
  2117 | D:4      | Learned a level 3 spell: Mephitic Cloud
  2122 | D:4      | Learned a level 4 spell: Olgreb's Toxic Radiance
  2219 | D:4      | Reached XP level 5. HP: 32/42 MP: 8/10
  2767 | D:4      | Reached skill level 1 in Fighting
  2856 | D:5      | Entered Level 5 of the Dungeon
  2913 | D:5      | Noticed an ogre
  2914 | D:5      | Reached XP level 6. HP: 22/52 MP: 12/12
  2917 | D:5      | Reached skill level 2 in Fighting
  3111 | D:5      | Noticed Eustachio
  3125 | D:5      | Killed Eustachio
  3126 | D:5      | Reached skill level 3 in Fighting
  3126 | D:5      | Reached skill level 5 in Spellcasting
  3126 | D:5      | Reached XP level 7. HP: 60/62 MP: 6/14
  3251 | D:5      | Reached skill level 4 in Fighting
  3434 | D:5      | Noticed Pikel
  3447 | D:5      | Killed Pikel
  3448 | D:5      | Reached skill level 5 in Fighting
  3448 | D:5      | Reached XP level 8. HP: 57/75 MP: 13/17
  3623 | D:5      | Found Tuaset's CLEARANCE SALE!.
  3927 | D:6      | Reached skill level 6 in Fighting
  4016 | D:6      | Learned a level 3 spell: Ignite Poison
  4120 | D:6      | Noticed Sigmund
  4126 | D:6      | Killed Sigmund
  4190 | D:6      | Reached XP level 9. HP: 66/84 MP: 13/19
  4519 | D:6      | Found Dyhymow's Assorted Antiques.
  4551 | D:6      | Bought a scroll labelled GEWEOD BEPHIB for 21 gold pieces
  4551 | D:6      | Bought a bubbling sapphire potion for 18 gold pieces
  4551 | D:6      | Bought a black potion for 18 gold pieces
  4551 | D:6      | Bought a fuming purple potion for 18 gold pieces
  4569 | D:6      | Noticed Grinder
  4576 | D:6      | Killed Grinder
  4829 | D:6      | Noticed a two-headed ogre
  4862 | D:6      | Killed a two-headed ogre
  4863 | D:6      | Reached skill level 7 in Fighting
  4863 | D:6      | Reached skill level 5 in Transmutations
  4995 | D:7      | Noticed Maggie
  5004 | D:7      | Killed Maggie
  5006 | D:7      | Reached XP level 10. HP: 90/94 MP: 20/21
  5039 | D:7      | Noticed Dowan
  5043 | D:7      | Noticed Duvessa
  5107 | D:7      | Found a staircase to the Ecumenical Temple.
  5388 | D:7      | Killed Dowan
  5396 | D:7      | Killed Duvessa
  5450 | D:7      | Noticed Menkaure
  5453 | D:7      | Killed Menkaure
  5688 | D:7      | Found an ancient bone altar of Kikubaaqudgha.
  5717 | D:7      | Identified the +2 ring mail "Apiron" {rN+ MP-9 Int+3}
  6128 | D:7      | Reached skill level 8 in Fighting
  6995 | Temple   | Entered the Ecumenical Temple
  7117 | Temple   | Became a worshipper of Uskayaw the Reveller
  7169 | D:9      | Reached * piety under Uskayaw
  7171 | D:9      | Noticed Psyche
  7175 | D:9      | Reached ** piety under Uskayaw
  7177 | D:9      | Killed Psyche
  7177 | D:9      | Reached *** piety under Uskayaw
  7178 | D:9      | Reached skill level 9 in Fighting
  7178 | D:9      | Reached skill level 1 in Shields
  7188 | D:9      | Reached **** piety under Uskayaw
  7343 | D:9      | Reached ***** piety under Uskayaw
  7356 | D:9      | Found a staircase to the Orcish Mines.
  7373 | D:9      | Reached XP level 11. HP: 67/106 MP: 24/24
  7568 | D:9      | Found a staircase to the Lair.
  8066 | D:9      | Reached skill level 10 in Fighting
  8145 | D:9      | Identified the +3 buckler "Dohir" {rPois}
  8362 | Orc:1    | Entered Level 1 of the Orcish Mines
  8457 | Orc:1    | Noticed Erolcha
  8467 | Orc:1    | Killed Erolcha
  8743 | Orc:2    | Entered Level 2 of the Orcish Mines
  8743 | Orc:2    | Noticed an orc knight
  8746 | Orc:2    | Noticed a two-headed ogre
  8748 | Orc:2    | Killed an orc knight
  8749 | Orc:2    | Reached skill level 5 in Shields
  8751 | Orc:2    | Killed a two-headed ogre
  8754 | Orc:2    | Upgraded the game from 0.31-a0-204-g7da18cac08 to
                  | 0.31-a0-208-gdb31a4691d
  8869 | Orc:2    | Noticed an orc knight
  8870 | Orc:2    | Noticed an orc knight
  8870 | Orc:2    | Noticed an orc knight
  8871 | Orc:2    | Noticed an orc warlord
  8876 | Orc:2    | Reached skill level 11 in Fighting
  8877 | Orc:2    | Killed an orc knight
  8877 | Orc:2    | Killed an orc knight
  8877 | Orc:2    | Killed an orc knight
  8887 | Orc:2    | Noticed an orc high priest
  8890 | Orc:2    | Reached ****** piety under Uskayaw
  8892 | Orc:2    | Killed an orc high priest
  8893 | Orc:2    | Noticed an orc knight
  8900 | Orc:2    | Slain by an orc warrior

Illustrated notes

Levels and vault maps discovered:
D:1:      ncdulo_halloftheorcs, layout_basic, hangedman_decor_points
D:2:      layout_loops_ring, chequers_serial_rivers_small_b, grunt_ministairs_1
D:3:      layout_basic, fedhas_altar_1, mainiacjoe_overflow_large_starburst
D:4:      layout_basic
D:5:      layout_loops_ring, nicolae_shop_clearance, uniq_pikel, uniq_eustachio
D:6:      minmay_chambers_of_fours, layout_loops_ring, serial_shops,
          nicolae_shop_tiny_statue_garden, uniq_sigmund, uniq_grinder
D:7:      wad_pebble_path, layout_basic, kiku_gazebo_pond_becter,
          minmay_temple_entry_trees, enter_bailey_6, minmay_misc_feat_diagonals,
          eino_small_chamber_without_monster, uniq_maggie, uniq_duvessa,
          uniq_menkaure
D:8:      layout_rooms
D:9:      layout_irregular_city, erik_orc_3, uniq_psyche
Temple:   regret_index_temple_mists
Orc:1:    layout_caves, uniq_erolcha
Orc:2:    grunt_orc_gardens, layout_caves, grunt_orc_garden, grunt_orc_garden,
          grunt_orc_garden, grunt_orc_garden, basic_altar

Skill      XL: |  1  2  3  4  5  6  7  8  9 10 11 |
---------------+----------------------------------+-----
Poison Magic   | 5 6 8 9 |  9.0
Spellcasting   | 3 4 5 6 7 9 |  9.0
Fighting       | 1 3 5 6 7 9 11 | 11.6
Transmutations | 2 5 6 |  6.0
Shields        | 3 6 |  6.9
Dodging        | |  1.5
Stealth        | |  3.0

Action                     |  1- 3 |  4- 6 |  7- 9 | 10-12 || total
---------------------------+-------+-------+-------+-------++-------
  Melee: Short sword       |     2 |    16 |    62 |   120 ||   200
         Rapier            |     4 |       |       |       ||     4
         Punch             |       |       |       |     1 ||     1
   Cast: Sting             |    37 |    18 |    23 |    31 ||   109
         Olgreb's Toxic Ra |       |     7 |    23 |    66 ||    96
         Mephitic Cloud    |       |     3 |    11 |    29 ||    43
         Ignite Poison     |       |       |     8 |    30 ||    38
 Invoke: Stomp             |       |       |       |     1 ||     1
Ability: Spit Poison       |    31 |    17 |     9 |    25 ||    82
  Evoke: Wand              |       |       |       |     4 ||     4
    Use: Potion            |       |       |     1 |       ||     1
         Scroll            |       |       |       |     1 ||     1
   Stab: Confused          |       |       |     3 |     1 ||     4
         Sleeping          |       |       |     2 |     2 ||     4
         Paralysed         |       |       |       |     2 ||     2
 Armour: Robe              |     5 |     3 |    24 |    78 ||   110
  Dodge: Dodged            |     8 |    12 |    44 |    91 ||   155

Table legend: (Time is in decaauts)
 A = Elapsed time spent in this place.
 B = Non-inter-level travel time spent in this place.
 C = Inter-level travel time spent in this place.
 D = Time resting spent in this place.
 E = Time spent auto-exploring this place.
 F = Levels seen in this place.
 G = Mean time per level.
                   A        B        C        D        E       F      G
               +--------+--------+--------+--------+--------+-----+--------+
         Total |  11318 |  10876 |    442 |    202 |   8916 |  12 |  943.2 |
       Dungeon |  10451 |  10042 |    409 |    202 |   8304 |   9 | 1161.2 |
        Temple |    183 |    172 |     11 |      0 |    113 |   1 |  183.0 |
  Orcish Mines |    683 |    662 |     21 |      0 |    498 |   2 |  341.5 |
               +--------+--------+--------+--------+--------+-----+--------+

Top non-repeatable levels by time:
     D:7: 1518 daAuts
     D:9: 1510 daAuts
     D:6: 1389 daAuts
     D:4: 1280 daAuts
     D:5: 1273 daAuts
     D:8: 1002 daAuts
     D:2: 941 daAuts
     D:1: 786 daAuts
     D:3: 748 daAuts
   Orc:1: 499 daAuts
   Orc:2: 183 daAuts
  Temple: 183 daAuts
